 Dungeon Crawl Stone Soup version 0.22-a0-877-g5c4e1af (webtiles) character file.

10081 prawnwizard the Carver (level 11, -1/88 (89) HPs)
             Began as a Demonspawn Gladiator on July 29, 2018.
             Was a Priest of Makhleb.
             Succumbed to a killer bee's poison
             ... on level 9 of the Dungeon on July 30, 2018.
             The game lasted 00:25:20 (9717 turns).

prawnwizard the Carver (Demonspawn Gladiator)       Turns: 9717, Time: 00:25:20

HP:   -1/88 (89)    AC: 18    Str: 20    XL:     11   Next: 31%
MP:   7/13          EV:  9    Int: 15    God:    Makhleb [***...]
Gold: 556           SH:  6    Dex: 15    Spells: 10/10 levels left

rFire    . . .     SeeInvis .   a - +0 long sword
rCold    . . .     Gourm    .   (no shield)
rNeg     . . .     Faith    .   n - +0 plate armour
rPois    .         Spirit   +   H - +2 hat
rElec    .         Reflect  .   (no cloak)
rCorr    .         Harm     .   c - +2 pair of gloves
MR       .....                  g - +2 pair of boots
Stlth    ..........             (no amulet)
HPRegen  0.24/turn              t - ring of wizardry
MPRegen  0.26/turn              v - +3 ring of strength

@: brilliant, lethally poisoned (-1 -> -38), flying
A: horns 1, large bone plates 2, demonic guardian 1, magic shield, magic
regeneration
a: Minor Destruction, Lesser Servant of Makhleb, Renounce Religion


You were on level 9 of the Dungeon.
You worshipped Makhleb.
Makhleb was most pleased with you.
You were not hungry.

You visited 2 branches of the dungeon, and saw 11 of its levels.
You also visited: Ossuary and Bailey.

You collected 556 gold pieces.

Inventory:

Hand Weapons
 a - a +0 long sword (weapon)
Missiles
 d - 4 throwing nets
 C - 4 tomahawks
 M - 50 tomahawks of returning (quivered)
Armour
 c - a +2 pair of gloves (worn)
 g - a +2 pair of boots (worn)
 n - a +0 plate armour (worn)
 H - a +2 hat (worn)
Jewellery
 t - a ring of wizardry (left hand)
 v - a +3 ring of strength (right hand)
Wands
 F - a wand of paralysis (21)
 G - a wand of iceblast (11)
 I - a wand of polymorph (6)
 J - a wand of enslavement (12)
Scrolls
 j - 14 scrolls of identify {unknown}
 l - 6 scrolls of enchant weapon {unknown}
 o - 5 scrolls of remove curse {unknown}
 p - 5 scrolls of teleportation {unknown}
 r - 5 scrolls of enchant armour {unknown}
 s - 5 scrolls of magic mapping {unknown}
 w - 3 scrolls of fear {unknown}
 y - a scroll of summoning {unknown}
 D - 2 scrolls of random uselessness {unknown}
 E - 2 scrolls of immolation {unknown}
 K - 3 scrolls of fog {unknown}
Potions
 b - a potion of brilliance
 e - 3 potions of flight
 h - a potion of magic
 i - 3 potions of haste
 k - 2 potions of heal wounds {unknown}
 q - 2 potions of degeneration {unknown}
 u - 2 potions of agility {unknown}
 x - 3 potions of ambrosia {unknown}
 z - 2 potions of lignification {unknown}
 A - 4 potions of curing {unknown}
 B - 2 potions of mutation {unknown}
 L - a potion of might {unknown}
Comestibles
 f - 21 rations


   Skills:
 + Level 9.1 Fighting
 * Level 11.6 Long Blades
 - Level 1.7 Throwing
 + Level 8.6 Dodging
 + Level 3.9 Invocations


You had 10 spell levels left.
You didn't know any spells.
Your spell library contained the following spells:

 Spells                   Type           Power        Failure   Level  Hunger
 Conjure Flame            Conj/Fire      #.......     91%         3    ####...
 Lightning Bolt           Conj/Air       #.........   100%        5    ######.
 Throw Frost              Conj/Ice       #.....       75%         2    ###....
 Freezing Cloud           Conj/Ice/Air   #.........   100%        6    #######
 Mephitic Cloud           Conj/Pois/Air  #.......     91%         3    ####...
 Ring of Flames           Chrm/Fire      #.........   100%        7    #######
 Freeze                   Ice            #...         63%         1    ##.....
 Summon Ice Beast         Ice/Summ       #.......     99%         4    #####..
 Ozocubu's Armour         Chrm/Ice       #.......     91%         3    ####...
 Shock                    Conj/Air       #...         63%         1    ##.....
 Swiftness                Chrm/Air       #.......     75%         2    ###....
 Throw Icicle             Conj/Ice       #.......     99%         4    #####..
 Airstrike                Air            #.........   99%         4    #####..
 Static Discharge         Conj/Air       #.......     91%         3    ####...
 Poisonous Vapours        Pois/Air       #.....       75%         2    ###....


Dungeon Overview and Level Annotations

Branches:
Dungeon (10/15)            Temple (1/1) D:6            Lair (0/6) D:9
    Orc: D:9-12

Altars:
Ashenzari
Cheibriados
Dithmenos
Elyvilon
Fedhas
Gozag
Hepliaklqana
Kikubaaqudgha
Makhleb
Nemelex Xobeh
Okawaru
Qazlal
Ru
Sif Muna
Trog
Uskayaw
Vehumet
Wu Jian
Xom
Yredelemnul
Zin
The Shining One

Shops:
D:4 (   D:6 (


Innate Abilities, Weirdness & Mutations

You have a pair of small horns on your head.
You are mostly covered in large bone plates. (SH +6)
A weak demonic guardian rushes to your aid.
When hurt, damage is shared between your health and your magic reserves.
You regenerate magic rapidly.


Message History

The killer bee stings you but does no damage. x4
You block the killer bee's attack.
The killer bee stings you but does no damage.
It was a potion of magic.
Magic courses through your body.
* * * LOW HITPOINT WARNING * * *
You feel sick. The killer bee stings you.
* * * LOW HITPOINT WARNING * * *
You are more poisoned.
The killer bee poisons you! You block the killer bee's attack.
The killer bee stings you but does no damage.
The killer bee stings you.
* * * LOW HITPOINT WARNING * * *
You are more poisoned.
The killer bee poisons you! The killer bee barely misses you.
You riposte.
Your plate armour prevents you from hitting the killer bee.
The killer bee barely misses you.
You riposte.
You slash the killer bee!
The killer bee is severely wounded.
You closely miss the killer bee.
The killer bee is severely wounded.
You die...

#........####........
#...............#####
#............. #....
#............. #....
#...##........ #....
#......######' #....
#.....5# #.....
#....>.# #.....
#...@y.# .... #.##..
#...yy.#.........##..
#......#.............
#......#.........##.#
#......#.........##.#
#......#.............
#......'.............
#......###'######....
#...............#....


You could see 3 killer bees and a friendly ufetubus.

Vanquished Creatures
  Harold (D:8)
  3 two-headed ogres
  Pikel (D:4)
  Joseph (D:8)
  A troll (D:9)
  Prince Ribbit (D:8)
  A wraith (D:10)
  Edmund (D:6)
  An acid dragon (D:10)
  4 sky beasts
  6 orc warriors
  3 ice beasts
  3 necrophages
  A slave (D:3)
  2 ogres
  2 centaurs
  2 big kobolds (D:9)
  6 bullfrogs
  An elf zombie (D:6)
  2 elf skeletons (D:6)
  4 scorpions
  3 killer bees
  4 howler monkeys
  3 crimson imps (D:5)
  3 human zombies (D:6)
  A jelly (D:7)
  A bullfrog zombie (D:10)
  11 hounds
  An orc priest (D:8)
  3 bullfrog skeletons
  18 orc wizards
  3 iguanas
  5 worker ants
  3 mummies (Ossuary)
  A hound skeleton (D:5)
  A howler monkey zombie (D:8)
  4 adders
  3 shadow imps
  2 adder zombies
  An adder skeleton (D:7)
  2 worms
  4 dart slugs (D:1)
  2 leopard geckos
  27 orcs
  6 giant cockroaches
  19 goblins
  6 hobgoblins
  17 jackals
  18 kobolds
  7 quokkas
  A ball python (D:2)
  4 bats
  4 frilled lizards
  A giant cockroach zombie (D:5)
  5 goblin zombies (Ossuary)
  A jackal skeleton (D:4)
  2 kobold zombies (Ossuary)
  An orc zombie (Ossuary)
  A quokka skeleton (D:6)
  10 rats
256 creatures vanquished.

Vanquished Creatures (collateral kills)
  2 two-headed ogres
  A hippogriff (D:6)
  A wraith (Ossuary)
  A big kobold (D:9)
  A bullfrog skeleton (D:9)
  2 orcs
  A hobgoblin (Bailey)
  A quokka (D:6)
  A leopard gecko zombie (D:6)
11 creatures vanquished.

Vanquished Creatures (others)
  An adder skeleton (D:4)
  3 orcs (D:4)
  A giant cockroach (D:4)
  A kobold (D:9)
6 creatures vanquished.

Grand Total: 273 creatures vanquished

Notes
Turn   | Place    | Note
-------+----------+-------------------------------------------
     0 | D:1      | prawnwizard the Demonspawn Gladiator began the quest for the Orb.
     0 | D:1      | Reached XP level 1. HP: 16/16 MP: 1/1
    44 | D:1      | Reached skill level 3 in Long Blades
    44 | D:1      | Gained mutation: You are partially covered in large bone plates. (SH +4) [demonic ancestry]
    44 | D:1      | Reached XP level 2. HP: 15/22 MP: 2/2
   448 | D:1      | Gained mutation: You are mostly covered in large bone plates. (SH +6) [demonic ancestry]
   448 | D:1      | Reached XP level 3. HP: 27/28 MP: 3/3
   553 | D:2      | Found a hazy altar of Hepliaklqana.
   553 | D:2      | Found an opulent altar of Gozag.
   553 | D:2      | Found a shattered altar of Ashenzari.
   870 | D:2      | Noticed a necrophage
   881 | D:2      | Killed a necrophage
   881 | D:2      | Reached skill level 4 in Long Blades
   881 | D:2      | Reached XP level 4. HP: 35/35 MP: 4/4
   881 | D:2      | Gained mutation: You have a pair of small horns on your head. [demonic ancestry]
   881 | D:2      | Reached XP level 5. HP: 41/41 MP: 5/5
  1353 | D:3      | Found a shadowy altar of Dithmenos.
  1616 | D:3      | Found a basalt altar of Yredelemnul.
  1616 | D:3      | Found an iron altar of Okawaru.
  2366 | D:4      | Noticed a slave
  2402 | D:3      | Killed a slave
  2507 | D:4      | Reached XP level 6. HP: 41/47 MP: 6/6
  2595 | D:4      | Reached skill level 5 in Long Blades
  2628 | D:4      | Found Ofuy's Antique Weapon Boutique.
  2645 | D:4      | Noticed a slave
  2645 | D:4      | Noticed a slave
  2646 | D:4      | Noticed Pikel
  2676 | D:4      | Killed Pikel
  2676 | D:4      | Reached skill level 6 in Long Blades
  2676 | D:4      | Gained mutation: A weak demonic guardian rushes to your aid. [demonic ancestry]
  2676 | D:4      | Reached XP level 7. HP: 41/55 MP: 7/7
  2784 | D:4      | You fall through a shaft for 2 floors!
  2853 | D:6      | Reached skill level 5 in Dodging
  2853 | D:6      | Gained mutation: When hurt, damage is shared between your health and your magic reserves. [demonic ancestry]
  2853 | D:6      | Reached XP level 8. HP: 61/61 MP: 8/8
  2860 | D:6      | Found a sand-covered staircase.
  2876 | D:6      | Reached skill level 5 in Fighting
  2880 | Ossuary  | Entered an ossuary
  3460 | D:6      | Reached skill level 7 in Long Blades
  3554 | D:6      | Found a staircase to the Ecumenical Temple.
  3591 | Temple   | Entered the Ecumenical Temple
  3792 | Temple   | Became a worshipper of Makhleb the Destroyer
  3905 | D:6      | Noticed a hippogriff
  3905 | D:6      | Noticed Edmund
  3945 | D:6      | Killed a hippogriff
  3956 | D:5      | Entered Level 5 of the Dungeon
  4254 | D:5      | Reached skill level 8 in Long Blades
  4316 | D:5      | Reached XP level 9. HP: 54/69 MP: 9/9
  4830 | D:5      | Reached * piety under Makhleb
  5477 | D:4      | Found a sacrificial altar of Ru.
  5665 | D:6      | Found Feh Yhis's Antique Weapon Boutique.
  5905 | D:6      | Killed Edmund
  5905 | D:6      | Reached skill level 9 in Long Blades
  6557 | D:7      | Found a glowing golden altar of the Shining One.
  6767 | D:7      | Noticed a two-headed ogre
  6891 | D:8      | Noticed a two-headed ogre
  6978 | D:7      | Killed a two-headed ogre
  6978 | D:7      | Gained mutation: You regenerate magic rapidly. [demonic ancestry]
  6978 | D:7      | Reached XP level 10. HP: 79/79 MP: 10/10
  7004 | D:8      | Reached ** piety under Makhleb
  7014 | D:8      | Killed a two-headed ogre
  7014 | D:8      | Reached skill level 10 in Long Blades
  7133 | D:8      | Noticed Joseph
  7164 | D:8      | Killed Joseph
  7258 | D:8      | Noticed Harold
  7275 | D:8      | Killed Harold
  7707 | D:8      | Found a hide-covered altar of Uskayaw.
  7711 | D:8      | Noticed Prince Ribbit
  7719 | D:8      | Killed Prince Ribbit
  8008 | D:9      | Noticed a two-headed ogre
  8029 | D:9      | Killed a two-headed ogre
  8029 | D:9      | Reached skill level 11 in Long Blades
  8029 | D:9      | Reached skill level 1 in Invocations
  8084 | D:9      | Reached XP level 11. HP: 76/86 MP: 10/12
  8233 | D:9      | Reached *** piety under Makhleb
  8250 | D:9      | Found a flagged portal.
  8259 | Bailey   | Entered a bailey
  8569 | D:9      | Found a staircase to the Lair.
  8579 | D:9      | HP: 3/86 [electric eel/bolt of electricity (4)]
  8985 | D:9      | Noticed a two-headed ogre
  8995 | D:9      | Killed a two-headed ogre
  9425 | D:9      | Noticed a two-headed ogre
  9431 | D:9      | Killed a two-headed ogre
  9432 | D:9      | Found a white marble altar of Elyvilon.
  9496 | D:10     | Entered Level 10 of the Dungeon
  9716 | D:9      | HP: 4/88 [poisoned by a killer bee]
  9717 | D:9      | Succumbed to a killer bee's poison

Vault maps used:
D:1:      erik_arrival_cave_to_civilisation
D:2:      kennysheep_the_goblin_king, gammafunk_temple_overflow_claw
D:3:      gammafunk_temple_overflow_wave, old_standard_altar,
          kennysheep_generic_room_8
D:4:      nicolae_ru_path_of_blood, serial_shops, shop, corexii_corridor_pit,
          uniq_pikel
D:5:      first_ration
D:6:      minmay_temple_entry_statues_pillars, nicolae_ossuary_entry_catacombs,
          serial_shops, shop, uniq_edmund
D:7:      nrook_mini_vaults, the_bakery, nicolae_tso_carved_into_rock
D:8:      lemuel_doored_altar, uniq_joseph, uniq_harold, uniq_prince_ribbit1
D:9:      kennysheep_mini_moat, erik_lair_island, enter_bailey_2,
          hangedman_abyss_or_decor_lesser_grid
D:10:     due_unseen_surprise
Temple:   minmay_temple_bridge_abc
Ossuary:  ossuary_kennysheep_city_of_the_dead
Bailey:   bailey_axe_1, bailey

Skill      XL: |  1  2  3  4  5  6  7  8  9 10 11 |
---------------+----------------------------------+-----
Long Blades    | 3 4 6 8 9 11 | 11.6
Dodging        | 3 4 5 6 7 8 |  8.6
Fighting       | 3 4 6 7 8 9 |  9.1
Invocations    | 2 3 |  3.9
Throwing       | |  1.7

Action                   |  1- 3 |  4- 6 |  7- 9 | 10-12 || total
-------------------------+-------+-------+-------+-------++-------
Melee: Long sword        |   106 |   150 |   520 |   362 ||  1138
       Headbutt          |       |    35 |   122 |   101 ||   258
Throw: Tomahawk          |       |       |       |     3 ||     3
  Use: Scroll            |       |     1 |       |       ||     1
       Potion            |       |       |       |     3 ||     3
 Stab: Sleeping          |     2 |       |       |       ||     2
       Distracted        |       |       |     1 |       ||     1
  Eat: Chunk             |       |     6 |    11 |    10 ||    27
       Ration            |       |       |     1 |       ||     1
Armor: Leather armour    |    25 |    27 |       |       ||    52
       Plate armour      |       |    21 |   258 |   248 ||   527
       Skin              |       |       |       |     2 ||     2
Dodge: Dodged            |    70 |    78 |   124 |   198 ||   470
Block: Other             |    27 |    41 |   115 |   142 ||   325
       Rpst.: Long sword |    23 |    23 |    31 |    49 ||   126

Table legend:
 A = Spawn XP
 B = Non-spawn XP
 C = Spawn XP percentage of total XP
 D = Spawn monster count
 E = Non-spawn monster count
 F = Spawn count percentage of total count
 G = Total turns spent on level
                    A         B        C        D         E        F      G
               +---------+---------+-------+---------+---------+-------+---------
         Total |       0 |   14402 |   0.0 |       0 |     266 |   0.0 |  9717
               +---------+---------+-------+---------+---------+-------+---------
           D:1 |       0 |      49 |   0.0 |       0 |      24 |   0.0 |   509
           D:2 |       0 |     195 |   0.0 |       0 |      25 |   0.0 |   743
           D:3 |       0 |      85 |   0.0 |       0 |      24 |   0.0 |   954
           D:4 |       0 |    1097 |   0.0 |       0 |      22 |   0.0 |  1095
           D:5 |       0 |     918 |   0.0 |       0 |      28 |   0.0 |  1349
           D:6 |       0 |    1492 |   0.0 |       0 |      29 |   0.0 |   796
           D:7 |       0 |    1737 |   0.0 |       0 |      24 |   0.0 |   708
           D:8 |       0 |    3566 |   0.0 |       0 |      22 |   0.0 |   946
           D:9 |       0 |    3838 |   0.0 |       0 |      29 |   0.0 |  1331
          D:10 |       0 |     477 |   0.0 |       0 |       5 |   0.0 |   213
       Ossuary |       0 |     241 |   0.0 |       0 |      12 |   0.0 |   560
        Bailey |       0 |     707 |   0.0 |       0 |      22 |   0.0 |   276
               +---------+---------+-------+---------+---------+-------+---------
